Workbook

Sheet Gasto Social
A1: MINISTERIO DE ECONOMÍA Y FINANZAS
A2: DIRECCIÓN DE ANÁLISIS ECONÓMICO Y SOCIAL
A3: INDICADORES DEL GASTO PUBLICO SOCIAL POR SECTORES: AÑOS 2000-2017
A5: Detalle | B5: 2000 | C5: 2001 | D5: 2002 | E5: 2003 | F5: 2004 | G5: 2005 | H5: 2006 | I5: 2007 | J5: 2008 | K5: 2009 | L5: 2010 | M5: 2011 | N5: 2012 (R) | O5: 2013 (R) | P5: 2014 (R) | Q5: 2015 (R) | R5: 2016 (R) | S5: 2017(P)
A7: Población (estimación al 1 de julio) | B7: 3040701 | C7: 3102268 | D7: 3164354 | E7: 3226535 | F7: 3288733 | G7: 3351007 | H7: 3413399 | I7: 3475741 | J7: 3537986 | K7: 3600000 | L7: 3661835 | M7: 3723821 | N7: 3787511 | O7: 3850735 | P7: 3913275 | Q7: 3975404 | R7: 4037043 | S7: 4098135
A9: Relaciones del Total del Gasto público social:
A10: Gasto Público Social (GPS) en millones de balboas 1/ | B10: 2019.8748 | C10: 2049.7711 | D10: 2170.0364 | E10: 2174.5157 | F10: 2433.9381 | G10: 2408.1923 | H10: 2886.8287 | I10: 3276.0278 | J10: 3890.6711 | K10: 4118.1478 | L10: 5041.3373 | M10: =M11+M12 -> 5549.5114 | N10: =N11+N12 -> 6264.3504 | O10: =O11+O12 -> 7493.9739 | P10: =P11+P12 -> 7590.0742 | Q10: =Q11+Q12 -> 7642.8024 | R10: =R11+R12 -> 7861.2731 | S10: =S11+S12 -> 8626.4815
A11: Funcionamiento | B11: 1706.8345 | C11: 1715.2871 | D11: 1882.8464 | E11: 1989.3333 | F11: 2137.3572 | G11: 2175.9643 | H11: 2368.3027 | I11: 2630.1746 | J11: 2910.5289 | K11: 3214.175 | L11: 3386.4983 | M11: ='[1]YO IyF'!N6/1000 -> 3704.9602 | N11: ='[1]YO IyF'!O6/1000 -> 4027.4916 | O11: ='[1]YO IyF'!P6/1000 -> 4438.6255 | P11: ='[1]YO IyF'!Q6/1000 -> 4845.612 | Q11: ='[1]YO IyF'!R6/1000 -> 5258.9968 | R11: ='[1]YO IyF'!S6/1000 -> 5695.5775 | S11: ='[1]YO IyF'!T6/1000 -> 5836.285
A12: Inversión | B12: 313.04028 | C12: 334.484 | D12: 287.19 | E12: 185.1824 | F12: 296.5809 | G12: 232.228 | H12: 518.526 | I12: 645.8532 | J12: 980.1422 | K12: 903.9728 | L12: 1654.839 | M12: ='[1]YO IyF'!N7/1000 -> 1844.5512 | N12: ='[1]YO IyF'!O7/1000 -> 2236.8588 | O12: ='[1]YO IyF'!P7/1000 -> 3055.3484 | P12: ='[1]YO IyF'!Q7/1000 -> 2744.4622 | Q12: ='[1]YO IyF'!R7/1000 -> 2383.8056 | R12: ='[1]YO IyF'!S7/1000 -> 2165.6956 | S12: ='[1]YO IyF'!T7/1000 -> 2790.1966
A13: Variación absoluta (en millones de balboas):
A14: GPS | C14: =+C10-B10 -> 29.896318 | D14: =+D10-C10 -> 120.2653 | E14: =+E10-D10 -> 4.4793 | F14: =+F10-E10 -> 259.4224 | G14: =+G10-F10 -> -25.7458 | H14: =+H10-G10 -> 478.6364 | I14: =+I10-H10 -> 389.1991 | J14: =+J10-I10 -> 614.6433 | ... S14: =+S10-R10 -> 765.20848
A15: Funcionamiento | C15: =+C11-B11 -> 8.4526 | D15: =+D11-C11 -> 167.5593 | E15: =+E11-D11 -> 106.4869 | F15: =+F11-E11 -> 148.0239 | G15: =+G11-F11 -> 38.6071 | H15: =+H11-G11 -> 192.3384 | I15: =+I11-H11 -> 261.8719 | J15: =+J11-I11 -> 280.3543 | ... S15: =+S11-R11 -> 140.70751
A16: Inversión | C16: =+C12-B12 -> 21.443718 | D16: =+D12-C12 -> -47.294 | E16: =+E12-D12 -> -102.0076 | F16: =+F12-E12 -> 111.3985 | G16: =+G12-F12 -> -64.3529 | H16: =+H12-G12 -> 286.298 | I16: =+I12-H12 -> 127.3272 | J16: =+J12-I12 -> 334.289 | ... S16: =+S12-R12 -> 624.50097
A17: Variación porcentual:
A18: GPS | C18: =((+C10/+B10)-1)*100 -> 1.4801075 | D18: =((+D10/+C10)-1)*100 -> 5.8672551 | E18: =((+E10/+D10)-1)*100 -> 0.20641589 | F18: =((+F10/+E10)-1)*100 -> 11.930123 | G18: =((+G10/+F10)-1)*100 -> -1.0577837 | H18: =((+H10/+G10)-1)*100 -> 19.87534 | I18: =((+I10/+H10)-1)*100 -> 13.481891 | J18: =((+J10/+I10)-1)*100 -> 18.761846 | ... S18: =((+S10/+R10)-1)*100 -> 9.7339003
A19: Funcionamiento | C19: =((+C11/+B11)-1)*100 -> 0.49522083 | D19: =((+D11/+C11)-1)*100 -> 9.7685863 | E19: =((+E11/+D11)-1)*100 -> 5.6556339 | F19: =((+F11/+E11)-1)*100 -> 7.4408798 | G19: =((+G11/+F11)-1)*100 -> 1.8063008 | H19: =((+H11/+G11)-1)*100 -> 8.8392259 | I19: =((+I11/+H11)-1)*100 -> 11.057366 | J19: =((+J11/+I11)-1)*100 -> 10.659152 | ... S19: =((+S11/+R11)-1)*100 -> 2.4704697
A20: Inversión | C20: =((+C12/+B12)-1)*100 -> 6.8501465 | D20: =((+D12/+C12)-1)*100 -> -14.139391 | E20: =((+E12/+D12)-1)*100 -> -35.519203 | F20: =((+F12/+E12)-1)*100 -> 60.156095 | G20: =((+G12/+F12)-1)*100 -> -21.698262 | H20: =((+H12/+G12)-1)*100 -> 123.28315 | I20: =((+I12/+H12)-1)*100 -> 24.555606 | J20: =((+J12/+I12)-1)*100 -> 51.759285 | ... S20: =((+S12/+R12)-1)*100 -> 28.836045
A22: Composición porcentual del GPS: | B22: =SUM(B23:B24) -> 100 | C22: =SUM(C23:C24) -> 100 | D22: =SUM(D23:D24) -> 100 | E22: =SUM(E23:E24) -> 100 | F22: =SUM(F23:F24) -> 100 | G22: =SUM(G23:G24) -> 100 | H22: =SUM(H23:H24) -> 100 | I22: =SUM(I23:I24) -> 100 | ... S22: =SUM(S23:S24) -> 100
A23: Funcionamiento | B23: =+B11/+B10*100 -> 84.501996 | C23: =+C11/+C10*100 -> 83.681885 | D23: =+D11/+D10*100 -> 86.76566 | E23: =+E11/+E10*100 -> 91.48397 | F23: =+F11/+F10*100 -> 87.814772 | G23: =+G11/+G10*100 -> 90.35675 | H23: =+H11/+H10*100 -> 82.038214 | I23: =+I11/+I10*100 -> 80.285479 | ... S23: =+S11/+S10*100 -> 67.655451
A24: Inversión | B24: =+B12/+B10*100 -> 15.498004 | C24: =+C12/+C10*100 -> 16.318115 | D24: =+D12/+D10*100 -> 13.23434 | E24: =+E12/+E10*100 -> 8.5160296 | F24: =+F12/+F10*100 -> 12.185228 | G24: =+G12/+G10*100 -> 9.6432498 | H24: =+H12/+H10*100 -> 17.961786 | I24: =+I12/+I10*100 -> 19.714521 | ... S24: =+S12/+S10*100 -> 32.344549
A26: GPS per cápita (en balboas) | B26: 664.27932 | C26: 660.73308 | D26: 685.77549 | E26: 673.94766 | F26: 740.08383 | G26: 718.64735 | H26: 845.73433 | I26: 942.54083 | J26: 1099.6853 | K26: 1143.9299 | L26: 1376.7243 | M26: 1490.2734 | N26: 1653.9491 | O26: 1946.1152 | P26: 1939.5709 | Q26: 1922.5222 | R26: 1947.2849 | S26: 2104.9774
A28: GPS, según clasificación sectorial institucional:
A29: Detalle | B29: 2000 | C29: 2001 | D29: 2002 | E29: 2003 | F29: 2004 | G29: 2005 | H29: 2006 | I29: 2007 | J29: 2008 | K29: 2009 | L29: 2010 | M29: 2011 | N29: 2012 | O29: 2013 | P29: 2014 | Q29: 2015 | R29: 2016 | S29: 2017
A30: Gasto Público Social (GPS) en millones de balboas 3/ | B30: 2019.8748 | C30: 2049.7711 | D30: 2170.0364 | E30: 2174.5157 | F30: 2433.9381 | G30: 2408.1923 | H30: 2886.8287 | I30: 3276.0278 | J30: 3890.6711 | K30: 4118.1478 | L30: 5041.3359 | M30: =SUM(M31:M35) -> 5549.5114 | N30: =SUM(N31:N35) -> 6264.3504 | O30: =SUM(O31:O35) -> 7493.9739 | P30: =SUM(P31:P35) -> 7590.0742 | Q30: =SUM(Q31:Q35) -> 7642.8024 | R30: =SUM(R31:R35) -> 7861.2731 | S30: 8712.637
A31: Gasto público social en Educación y Cultura | B31: 567.0762 | C31: 580.114 | D31: 589.202 | E31: 586.6246 | F31: 607.1809 | G31: 672.5723 | H31: 799.5017 | I31: 907.5609 | J31: 1107.6488 | K31: 1144.2647 | L31: 1203.504 | M31: 1298.1833 | N31: =[1]Educación!R10/1000 -> 1553.8518 | O31: =[1]Educación!S10/1000 -> 1602.7091 | P31: =[1]Educación!T10/1000 -> 1777.4199 | Q31: =[1]Educación!U10/1000 -> 2082.8736 | R31: =[1]Educación!V10/1000 -> 2122.5982 | S31: 2306.9622
A32: Gasto público social en Salud | B32: 704.79658 | C32: 684.223 | D32: 798.138 | E32: 698.425 | F32: 806.5755 | G32: 847.6674 | H32: 900.9863 | I32: 1022.806 | J32: 1220.4849 | K32: 1319.4278 | L32: 1515.463 | M32: 1681.9071 | N32: =[1]Salud!R10/1000 -> 1886.6028 | O32: =[1]Salud!S10/1000 -> 2236.9736 | P32: =[1]Salud!T10/1000 -> 2721.6141 | Q32: =[1]Salud!U10/1000 -> 2826.7255 | R32: =[1]Salud!V10/1000 -> 2768.6198 | S32: 3083.2493
A33: Gasto público social en Trabajo y Seguridad Social | B33: 605.966 | C33: 619.5697 | D33: 612.0754 | E33: 770.4145 | F33: 853.7401 | G33: 780.0187 | H33: 899.7208 | I33: 1028.8112 | J33: 1060.1813 | K33: 1196.7035 | L33: 1321.059 | M33: 1380.9598 | N33: =[1]Trabajo!R10/1000 -> 1442.167 | O33: =[1]Trabajo!S10/1000 -> 1525.8298 | P33: =[1]Trabajo!T10/1000 -> 1592.3265 | Q33: =[1]Trabajo!U10/1000 -> 1716.747 | R33: =[1]Trabajo!V10/1000 -> 1749.0951 | S33: 1866.4845
A34: Gasto público social en Vivienda | B34: 47.533 | C34: 37.0884 | D34: 33.934 | E34: 21.5063 | F34: 31.7805 | G34: 28.1728 | H34: 36.6669 | I34: 52.9373 | J34: 47.2941 | K34: 54.3061 | L34: 107.86513 | M34: 146.84488 | N34: =[1]Vivienda!R10/1000 -> 147.67347 | O34: =[1]Vivienda!S10/1000 -> 151.35664 | P34: =[1]Vivienda!T10/1000 -> 102.60873 | Q34: =[1]Vivienda!U10/1000 -> 222.62997 | R34: =[1]Vivienda!V10/1000 -> 412.5593 | S34: 503.26342
A35: Gasto público social en Multisocial | B35: 94.503 | C35: 128.776 | D35: 136.687 | E35: 97.5453 | F35: 134.6611 | G35: 79.7611 | H35: 249.953 | I35: 263.9124 | J35: 455.062 | K35: 403.4457 | L35: 893.44478 | M35: 1041.6164 | N35: =[1]Multisocial!R10/1000 -> 1234.0553 | O35: =[1]Multisocial!S10/1000 -> 1977.1048 | P35: =[1]Multisocial!T10/1000 -> 1396.105 | Q35: =[1]Multisocial!U10/1000 -> 793.82627 | R35: =[1]Multisocial!V10/1000 -> 808.40065 | S35: 952.67754
A36: Composición sectorial del GPS (%): | B36: =SUM(B37:B41) -> 100 | C36: =SUM(C37:C41) -> 100 | D36: =SUM(D37:D41) -> 100 | E36: =SUM(E37:E41) -> 100 | F36: =SUM(F37:F41) -> 100 | G36: =SUM(G37:G41) -> 100 | H36: =SUM(H37:H41) -> 100 | I36: =SUM(I37:I41) -> 100 | ... R36: =SUM(R37:R41) -> 100 | S36: 100
A37: Gasto público social en Educación y Cultura | B37: =+B31/+B30*100 -> 28.07482 | C37: =+C31/+C30*100 -> 28.301404 | D37: =+D31/+D30*100 -> 27.15171 | E37: =+E31/+E30*100 -> 26.977253 | F37: =+F31/+F30*100 -> 24.94644 | G37: =+G31/+G30*100 -> 27.928513 | H37: =+H31/+H30*100 -> 27.694809 | I37: =+I31/+I30*100 -> 27.703089 | ... R37: =+R31/+R30*100 -> 27.000693 | S37: 26.478347
A38: Gasto público social en Salud | B38: =+B32/+B30*100 -> 34.893083 | C38: =+C32/+C30*100 -> 33.380459 | D38: =+D32/+D30*100 -> 36.779936 | E38: =+E32/+E30*100 -> 32.118646 | F38: =+F32/+F30*100 -> 33.138702 | G38: =+G32/+G30*100 -> 35.199324 | H38: =+H32/+H30*100 -> 31.210245 | I38: =+I32/+I30*100 -> 31.220919 | ... R38: =+R32/+R30*100 -> 35.218466 | S38: 35.388245
A39: Gasto público social en Trabajo y Seguridad Social | B39: =+B33/+B30*100 -> 30.000177 | C39: =+C33/+C30*100 -> 30.226287 | D39: =+D33/+D30*100 -> 28.205767 | E39: =+E33/+E30*100 -> 35.429245 | F39: =+F33/+F30*100 -> 35.076492 | G39: =+G33/+G30*100 -> 32.390217 | H39: =+H33/+H30*100 -> 31.166408 | I39: =+I33/+I30*100 -> 31.404227 | ... R39: =+R33/+R30*100 -> 22.249515 | S39: 21.422728
A40: Gasto público social en Vivienda | B40: =+B34/+B30*100 -> 2.3532647 | C40: =+C34/+C30*100 -> 1.8093923 | D40: =+D34/+D30*100 -> 1.5637526 | E40: =+E34/+E30*100 -> 0.98901562 | F40: =+F34/+F30*100 -> 1.3057234 | G40: =+G34/+G30*100 -> 1.1698734 | H40: =+H34/+H30*100 -> 1.2701446 | I40: =+I34/+I30*100 -> 1.615899 | ... R40: =+R34/+R30*100 -> 5.2479961 | S40: 5.7762468
A41: Gasto público social en Multisocial | B41: =+B35/+B30*100 -> 4.6786564 | C41: =+C35/+C30*100 -> 6.2824576 | D41: =+D35/+D30*100 -> 6.2988344 | E41: =+E35/+E30*100 -> 4.4858402 | F41: =+F35/+F30*100 -> 5.5326428 | G41: =+G35/+G30*100 -> 3.3120735 | H41: =+H35/+H30*100 -> 8.6583939 | I41: =+I35/+I30*100 -> 8.0558657 | ... R41: =+R35/+R30*100 -> 10.28333 | S41: 10.934434
A42: Variación absoluta (en millones de balboas): | C42: 29.896318 | D42: 120.2653 | E42: 4.4793 | F42: 259.4224 | G42: -25.7458 | H42: 478.6364 | I42: 389.1991 | J42: 614.6433 | K42: 227.4767 | L42: =L30-K30 -> 923.18811 | M42: =M30-L30 -> 508.1755 | N42: =N30-M30 -> 714.83904 | O42: =O30-N30 -> 1229.6235 | P42: =P30-O30 -> 96.100243 | Q42: =Q30-P30 -> 52.728203 | R42: =R30-Q30 -> 218.47068 | S42: 851.36393
A43: Gasto público social en Educación y Cultura | C43: =+C31-B31 -> 13.0378 | D43: =+D31-C31 -> 9.088 | E43: =+E31-D31 -> -2.5774 | F43: =+F31-E31 -> 20.5563 | G43: =+G31-F31 -> 65.3914 | H43: =+H31-G31 -> 126.9294 | I43: =+I31-H31 -> 108.0592 | J43: =+J31-I31 -> 200.0879 | K43: =+K31-J31 -> 36.6159 | L43: =L31-K31 -> 59.2393 | M43: =M31-L31 -> 94.679259 | N43: =N31-M31 -> 255.66853 | O43: =O31-N31 -> 48.857295 | P43: =P31-O31 -> 174.71079 | Q43: =Q31-P31 -> 305.45369 | R43: =R31-Q31 -> 39.724621 | S43: 184.36403
A44: Gasto público social en Salud | C44: =+C32-B32 -> -20.573582 | D44: =+D32-C32 -> 113.915 | E44: =+E32-D32 -> -99.713 | F44: =+F32-E32 -> 108.1505 | G44: =+G32-F32 -> 41.0919 | H44: =+H32-G32 -> 53.3189 | I44: =+I32-H32 -> 121.8197 | J44: =+J32-I32 -> 197.6789 | K44: =+K32-J32 -> 98.9429 | L44: =L32-K32 -> 196.0352 | M44: =M32-L32 -> 166.44411 | N44: =N32-M32 -> 204.69571 | O44: =O32-N32 -> 350.37082 | P44: =P32-O32 -> 484.64042 | Q44: =Q32-P32 -> 105.11147 | R44: =R32-Q32 -> -58.105767 | S44: 314.62953
A45: Gasto público social en Trabajo y Seguridad Social | C45: =+C33-B33 -> 13.6037 | D45: =+D33-C33 -> -7.4943 | E45: =+E33-D33 -> 158.3391 | F45: =+F33-E33 -> 83.3256 | G45: =+G33-F33 -> -73.7214 | H45: =+H33-G33 -> 119.7021 | I45: =+I33-H33 -> 129.0904 | J45: =+J33-I33 -> 31.3701 | K45: =+K33-J33 -> 136.5222 | L45: =L33-K33 -> 124.3555 | M45: =M33-L33 -> 59.900772 | N45: =N33-M33 -> 61.207275 | O45: =O33-N33 -> 83.662726 | P45: =P33-O33 -> 66.496743 | Q45: =Q33-P33 -> 124.42051 | R45: =R33-Q33 -> 32.348109 | S45: 117.38936
A46: Gasto público social en Vivienda | C46: =+C34-B34 -> -10.4446 | D46: =+D34-C34 -> -3.1544 | E46: =+E34-D34 -> -12.4277 | F46: =+F34-E34 -> 10.2742 | G46: =+G34-F34 -> -3.6077 | H46: =+H34-G34 -> 8.4941 | I46: =+I34-H34 -> 16.2704 | J46: =+J34-I34 -> -5.6432 | K46: =+K34-J34 -> 7.012 | L46: =L34-K34 -> 53.559032 | M46: =M34-L34 -> 38.979749 | N46: =N34-M34 -> 0.828586 | O46: =O34-N34 -> 3.683177 | P46: =P34-O34 -> -48.747918 | Q46: =Q34-P34 -> 120.02124 | R46: =R34-Q34 -> 189.92934 | S46: 90.704113
A47: Gasto público social en Multisocial | C47: =+C35-B35 -> 34.273 | D47: =+D35-C35 -> 7.911 | E47: =+E35-D35 -> -39.1417 | F47: =+F35-E35 -> 37.1158 | G47: =+G35-F35 -> -54.9 | H47: =+H35-G35 -> 170.1919 | I47: =+I35-H35 -> 13.9594 | J47: =+J35-I35 -> 191.1496 | K47: =+K35-J35 -> -51.6163 | L47: =L35-K35 -> 489.99908 | M47: =M35-L35 -> 148.17161 | N47: =N35-M35 -> 192.43893 | O47: =O35-N35 -> 743.04947 | P47: =P35-O35 -> -580.9998 | Q47: =Q35-P35 -> -602.27871 | R47: =R35-Q35 -> 14.574379 | S47: 144.27689
A48: Variación porcentual: | C48: 1.4801075 | D48: 5.8672551 | E48: 0.20641589 | F48: 11.930123 | G48: -1.0577837 | H48: 19.87534 | I48: 13.481891 | J48: =((+J30/+I30)-1)*100 -> 18.761846 | K48: =((+K30/+J30)-1)*100 -> 5.8467214 | L48: =((+L30/+K30)-1)*100 -> 22.417556 | M48: =((+M30/+L30)-1)*100 -> 10.080175 | N48: =((+N30/+M30)-1)*100 -> 12.881117 | O48: =((+O30/+N30)-1)*100 -> 19.628906 | P48: =((+P30/+O30)-1)*100 -> 1.2823669 | Q48: =((+Q30/+P30)-1)*100 -> 0.69469944 | R48: =((+R30/+Q30)-1)*100 -> 2.8585154 | S48: 10.829848
A49: Gasto público social en Educación y Cultura | C49: =((+C31/+B31)-1)*100 -> 2.2991266 | D49: =((+D31/+C31)-1)*100 -> 1.5665886 | E49: =((+E31/+D31)-1)*100 -> -0.43743911 | F49: =((+F31/+E31)-1)*100 -> 3.504166 | G49: =((+G31/+F31)-1)*100 -> 10.769673 | H49: =((+H31/+G31)-1)*100 -> 18.872231 | I49: =((+I31/+H31)-1)*100 -> 13.515819 | J49: =((+J31/+I31)-1)*100 -> 22.046774 | ... R49: =((+R31/+Q31)-1)*100 -> 1.9072027 | S49: 8.6857717
A50: Gasto público social en Salud | C50: =((+C32/+B32)-1)*100 -> -2.9190808 | D50: =((+D32/+C32)-1)*100 -> 16.648812 | E50: =((+E32/+D32)-1)*100 -> -12.493203 | F50: =((+F32/+E32)-1)*100 -> 15.484912 | G50: =((+G32/+F32)-1)*100 -> 5.094613 | H50: =((+H32/+G32)-1)*100 -> 6.2900732 | I50: =((+I32/+H32)-1)*100 -> 13.520705 | J50: =((+J32/+I32)-1)*100 -> 19.327116 | ... R50: =((+R32/+Q32)-1)*100 -> -2.0555857 | S50: 11.364129
A51: Gasto público social en Trabajo y Seguridad Social | C51: =((+C33/+B33)-1)*100 -> 2.2449609 | D51: =((+D33/+C33)-1)*100 -> -1.2095976 | E51: =((+E33/+D33)-1)*100 -> 25.869215 | F51: =((+F33/+E33)-1)*100 -> 10.815684 | G51: =((+G33/+F33)-1)*100 -> -8.6351104 | H51: =((+H33/+G33)-1)*100 -> 15.346055 | I51: =((+I33/+H33)-1)*100 -> 14.347829 | J51: =((+J33/+I33)-1)*100 -> 3.04916 | ... R51: =((+R33/+Q33)-1)*100 -> 1.8842677 | S51: 6.7114337
A52: Gasto público social en Vivienda | C52: =((+C34/+B34)-1)*100 -> -21.973366 | D52: =((+D34/+C34)-1)*100 -> -8.5050851 | E52: =((+E34/+D34)-1)*100 -> -36.623151 | F52: =((+F34/+E34)-1)*100 -> 47.772978 | G52: =((+G34/+F34)-1)*100 -> -11.35193 | H52: =((+H34/+G34)-1)*100 -> 30.150003 | I52: =((+I34/+H34)-1)*100 -> 44.373536 | J52: =((+J34/+I34)-1)*100 -> -10.660158 | ... R52: =((+R34/+Q34)-1)*100 -> 85.311668 | S52: 21.985715
A53: Gasto público social en Multisocial | C53: =((+C35/+B35)-1)*100 -> 36.266574 | D53: =((+D35/+C35)-1)*100 -> 6.1432254 | E53: =((+E35/+D35)-1)*100 -> -28.636008 | F53: =((+F35/+E35)-1)*100 -> 38.049809 | G53: =((+G35/+F35)-1)*100 -> -40.769012 | H53: =((+H35/+G35)-1)*100 -> 213.37707 | I53: =((+I35/+H35)-1)*100 -> 5.5848099 | J53: =((+J35/+I35)-1)*100 -> 72.429185 | ... R53: =((+R35/+Q35)-1)*100 -> 1.8359659 | S53: 17.847201
A54: GPS per cápita (en balboas) | B54: 664.27932 | C54: 660.73308 | D54: 685.77549 | E54: 673.94766 | F54: 740.08383 | G54: 718.64735 | H54: 845.73433 | I54: 942.54083 | J54: 1099.6853 | K54: 1143.9299 | L54: 1376.7239 | M54: 1490.2734 | N54: 1653.9491 | O54: 1946.1152 | P54: 1939.5709 | Q54: 1922.5222 | R54: 1947.2849 | S54: 2126.0005
A55: Educación y Cultura | B55: 186.49522 | C55: 186.99674 | D55: 186.19977 | E55: 181.81256 | F55: 184.62457 | G55: 200.70752 | H55: 234.22451 | I55: 261.11293 | J55: 313.07326 | K55: 317.85131 | L55: 328.66145 | M55: 348.61591 | N55: 410.25671 | O55: 416.20862 | P55: 454.20265 | Q55: 523.9401 | R55: 525.78043 | S55: 562.92978
A56: Salud | B56: 231.78753 | C56: 220.55574 | D56: 252.22778 | E56: 216.46286 | F56: 245.25418 | G56: 252.95901 | H56: 263.95575 | I56: 294.26991 | J56: 344.96601 | K56: 366.50772 | L56: 413.85344 | M56: 451.66164 | N56: 498.11151 | O56: 580.92121 | P56: 695.48245 | Q56: 711.05365 | R56: 685.80388 | S56: 752.35425
A57: Trabajo y Seguridad Social | B57: 199.28497 | C57: 199.71508 | D57: 193.42823 | E57: 238.77457 | F57: 259.59544 | G57: 232.77143 | H57: 263.58501 | I57: 295.99766 | J57: 299.65673 | K57: 332.41764 | L57: 360.76421 | M57: 370.84483 | N57: 380.76907 | O57: 396.24378 | P57: 406.90381 | Q57: 431.84216 | R57: 433.26146 | S57: 455.4473
A58: Vivienda | B58: 15.632251 | C58: 11.955253 | D58: 10.723832 | E58: 6.6654476 | F58: 9.6634479 | G58: 8.4072638 | H58: 10.742049 | I58: 15.230508 | J58: 13.36752 | K58: 15.085028 | L58: 29.456579 | M58: 39.433926 | N58: 38.989581 | O58: 39.30591 | P58: 26.220679 | Q58: 56.001847 | R58: 102.19344 | S58: 122.80304
A59: Multisocial | B59: 31.079347 | C59: 41.510276 | D59: 43.195862 | E59: 30.232215 | F59: 40.946194 | G59: 23.802129 | H59: 73.227009 | I59: 75.929823 | J59: 128.62176 | K59: 112.06825 | L59: 243.98827 | M59: 279.71709 | N59: 325.82224 | O59: 513.43569 | P59: 356.76128 | Q59: 199.68443 | R59: 200.24574 | S59: 232.46612
A60: GPS, según clasificación sectorial institucional y tipo de gasto:
A61: Gasto Público Social (GPS) en millones de balboas 3/ | B61: 2019.8748 | C61: 2049.7711 | D61: 2170.0364 | E61: 2174.5157 | F61: 2433.9381 | G61: 2408.1923 | H61: 2886.8287 | I61: 3276.0278 | J61: 3890.6711 | K61: 4118.1478 | L61: 5041.3373 | M61: =M62+M63 -> 5549.5114 | N61: =N62+N63 -> 6264.3504 | O61: =O62+O63 -> 7493.9739 | P61: =P62+P63 -> 7590.0742 | Q61: =Q62+Q63 -> 7642.8024 | R61: =R62+R63 -> 7861.2731 | S61: 8623.526
A62: Funcionamiento | B62: 1706.8345 | C62: 1715.2871 | D62: 1882.8464 | E62: 1989.3333 | F62: 2137.3572 | G62: 2175.9643 | H62: 2368.3027 | I62: 2630.1746 | J62: 2910.5289 | K62: 3214.175 | L62: 3386.4983 | M62: ='[1]YO IyF'!N6/1000 -> 3704.9602 | N62: ='[1]YO IyF'!O6/1000 -> 4027.4916 | O62: ='[1]YO IyF'!P6/1000 -> 4438.6255 | P62: ='[1]YO IyF'!Q6/1000 -> 4845.612 | Q62: ='[1]YO IyF'!R6/1000 -> 5258.9968 | R62: ='[1]YO IyF'!S6/1000 -> 5695.5775 | S62: 5834.3515
A63: Inversión | B63: 313.04028 | C63: 334.484 | D63: 287.19 | E63: 185.1824 | F63: 296.5809 | G63: 232.228 | H63: 518.526 | I63: 645.8532 | J63: 980.1422 | K63: 903.9728 | L63: 1654.839 | M63: ='[1]YO IyF'!N7/1000 -> 1844.5512 | N63: ='[1]YO IyF'!O7/1000 -> 2236.8588 | O63: ='[1]YO IyF'!P7/1000 -> 3055.3484 | P63: ='[1]YO IyF'!Q7/1000 -> 2744.4622 | Q63: ='[1]YO IyF'!R7/1000 -> 2383.8056 | R63: ='[1]YO IyF'!S7/1000 -> 2165.6956 | S63: 2789.1746
A64: Gasto público social en Educación y Cultura | B64: 567.0762 | C64: 580.114 | D64: 589.202 | E64: 586.6246 | F64: 607.1809 | G64: 672.5723 | H64: 799.5017 | I64: 907.5609 | J64: 1107.6488 | K64: 1144.2647 | L64: 1203.5049 | M64: =M65+M66 -> 1298.1833 | N64: =N65+N66 -> 1553.8518 | O64: =O65+O66 -> 1602.7091 | P64: =P65+P66 -> 1777.4199 | Q64: =Q65+Q66 -> 2082.8736 | R64: =R65+R66 -> 2122.5982 | S64: 2306.9622
A65: Funcionamiento | B65: 480.689 | C65: 512.191 | D65: 538.984 | E65: 545.1355 | F65: 563.5669 | G65: 600.2373 | H65: 651.6747 | I65: 707.8227 | J65: 811.5673 | K65: 865.5297 | L65: 888.11374 | M65: =[1]Educación!Q11/1000 -> 972.00443 | N65: =[1]Educación!R11/1000 -> 1072.1414 | O65: =[1]Educación!S11/1000 -> 1152.5649 | P65: =[1]Educación!T11/1000 -> 1283.0623 | Q65: =[1]Educación!U11/1000 -> 1433.2923 | R65: =[1]Educación!V11/1000 -> 1571.5097 | S65: 1589.6094
A66: Inversión | B66: 86.3872 | C66: 67.923 | D66: 50.218 | E66: 41.4891 | F66: 43.614 | G66: 72.335 | H66: 147.827 | I66: 199.7382 | J66: 296.0815 | K66: 278.735 | L66: 315.39112 | M66: =[1]Educación!Q12/1000 -> 326.17883 | N66: =[1]Educación!R12/1000 -> 481.7104 | O66: =[1]Educación!S12/1000 -> 450.1442 | P66: =[1]Educación!T12/1000 -> 494.35754 | Q66: =[1]Educación!U12/1000 -> 649.58128 | R66: =[1]Educación!V12/1000 -> 551.08849 | S66: 717.35278
A67: Composición según tipo (%): | B67: =SUM(B68:B69) -> 100 | C67: =SUM(C68:C69) -> 100 | D67: =SUM(D68:D69) -> 100 | E67: =SUM(E68:E69) -> 100 | F67: =SUM(F68:F69) -> 100 | G67: =SUM(G68:G69) -> 100 | H67: =SUM(H68:H69) -> 100 | I67: =SUM(I68:I69) -> 100 | ... R67: =SUM(R68:R69) -> 100 | S67: 100
A68: Funcionamiento | B68: =+B65/+B64*100 -> 84.76621 | C68: =+C65/+C64*100 -> 88.291439 | D68: =+D65/+D64*100 -> 91.476947 | E68: =+E65/+E64*100 -> 92.927487 | F68: =+F65/+F64*100 -> 92.816968 | G68: =+G65/+G64*100 -> 89.245022 | H68: =+H65/+H64*100 -> 81.510108 | I68: =+I65/+I64*100 -> 77.991758 | ... R68: =+R65/+R64*100 -> 74.037079 | S68: 68.904875
A69: Inversión | B69: =+B66/+B64*100 -> 15.23379 | C69: =+C66/+C64*100 -> 11.708561 | D69: =+D66/+D64*100 -> 8.5230532 | E69: =+E66/+E64*100 -> 7.0725128 | F69: =+F66/+F64*100 -> 7.1830323 | G69: =+G66/+G64*100 -> 10.754978 | H69: =+H66/+H64*100 -> 18.489892 | I69: =+I66/+I64*100 -> 22.008242 | ... R69: =+R66/+R64*100 -> 25.962921 | S69: 31.095125
A70: Variación absoluta (en millones de balboas): | C70: =+C64-B64 -> 13.0378 | D70: =+D64-C64 -> 9.088 | E70: =+E64-D64 -> -2.5774 | F70: =+F64-E64 -> 20.5563 | G70: =+G64-F64 -> 65.3914 | H70: =+H64-G64 -> 126.9294 | I70: =+I64-H64 -> 108.0592 | J70: =+J64-I64 -> 200.0879 | ... R70: =+R64-Q64 -> 39.724621 | S70: 184.36403
A71: Funcionamiento | C71: =+C65-B65 -> 31.502 | D71: =+D65-C65 -> 26.793 | E71: =+E65-D65 -> 6.1515 | F71: =+F65-E65 -> 18.4314 | G71: =+G65-F65 -> 36.6704 | H71: =+H65-G65 -> 51.4374 | I71: =+I65-H65 -> 56.148 | J71: =+J65-I65 -> 103.7446 | ... R71: =+R65-Q65 -> 138.21741 | S71: 18.099742
A72: Inversión | C72: =+C66-B66 -> -18.4642 | D72: =+D66-C66 -> -17.705 | E72: =+E66-D66 -> -8.7289 | F72: =+F66-E66 -> 2.1249 | G72: =+G66-F66 -> 28.721 | H72: =+H66-G66 -> 75.492 | I72: =+I66-H66 -> 51.9112 | J72: =+J66-I66 -> 96.3433 | ... R72: =+R66-Q66 -> -98.492791 | S72: 166.26429
A73: Variación porcentual: | C73: =((+C64/+B64)-1)*100 -> 2.2991266 | D73: =((+D64/+C64)-1)*100 -> 1.5665886 | E73: =((+E64/+D64)-1)*100 -> -0.43743911 | F73: =((+F64/+E64)-1)*100 -> 3.504166 | G73: =((+G64/+F64)-1)*100 -> 10.769673 | H73: =((+H64/+G64)-1)*100 -> 18.872231 | I73: =((+I64/+H64)-1)*100 -> 13.515819 | J73: =((+J64/+I64)-1)*100 -> 22.046774 | ... R73: =((+R64/+Q64)-1)*100 -> 1.9072027 | S73: 8.6857717
A74: Funcionamiento | C74: =((+C65/+B65)-1)*100 -> 6.5535096 | D74: =((+D65/+C65)-1)*100 -> 5.2310564 | E74: =((+E65/+D65)-1)*100 -> 1.141314 | F74: =((+F65/+E65)-1)*100 -> 3.3810676 | G74: =((+G65/+F65)-1)*100 -> 6.5068406 | H74: =((+H65/+G65)-1)*100 -> 8.5695108 | I74: =((+I65/+H65)-1)*100 -> 8.6159552 | J74: =((+J65/+I65)-1)*100 -> 14.656863 | ... R74: =((+R65/+Q65)-1)*100 -> 9.6433514 | S74: 1.1517423
A75: Inversión | C75: =((+C66/+B66)-1)*100 -> -21.373768 | D75: =((+D66/+C66)-1)*100 -> -26.066281 | E75: =((+E66/+D66)-1)*100 -> -17.382014 | F75: =((+F66/+E66)-1)*100 -> 5.1215862 | G75: =((+G66/+F66)-1)*100 -> 65.852708 | H75: =((+H66/+G66)-1)*100 -> 104.36442 | I75: =((+I66/+H66)-1)*100 -> 35.116183 | J75: =((+J66/+I66)-1)*100 -> 48.234789 | ... R75: =((+R66/+Q66)-1)*100 -> -15.162505 | S75: 30.170162
A76: % respecto a cada tipo en el GPS:
A77: Funcionamiento | B77: =+B65/+B62*100 -> 28.162602 | C77: =+C65/+C62*100 -> 29.860366 | D77: =+D65/+D62*100 -> 28.626021 | E77: =+E65/+E62*100 -> 27.402924 | F77: =+F65/+F62*100 -> 26.367464 | G77: =+G65/+G62*100 -> 27.584887 | H77: =+H65/+H62*100 -> 27.516529 | I77: =+I65/+I62*100 -> 26.911624 | ... R77: =+R65/+R62*100 -> 27.591754 | S77: 27.245692
A78: Inversión | B78: =+B66/+B63*100 -> 27.596193 | C78: =+C66/+C63*100 -> 20.306801 | D78: =+D66/+D63*100 -> 17.485985 | E78: =+E66/+E63*100 -> 22.404451 | F78: =+F66/+F63*100 -> 14.7056 | G78: =+G66/+G63*100 -> 31.148268 | H78: =+H66/+H63*100 -> 28.509082 | I78: =+I66/+I63*100 -> 30.926254 | ... R78: =+R66/+R63*100 -> 25.446258 | S78: 25.719178
A79: Gasto público social en Salud | B79: 704.79658 | C79: 684.223 | D79: 798.138 | E79: 698.425 | F79: 806.5755 | G79: 847.6674 | H79: 900.9863 | I79: 1022.806 | J79: 1220.4849 | K79: 1319.4278 | L79: 1515.4633 | M79: =M80+M81 -> 1681.9071 | N79: =N80+N81 -> 1886.6028 | O79: =O80+O81 -> 2236.9736 | P79: =P80+P81 -> 2721.6141 | Q79: =Q80+Q81 -> 2826.7255 | R79: =R80+R81 -> 2768.6198 | S79: 2994.1383
A80: Funcionamiento | B80: 597.649 | C80: 559.136 | D80: 703.54 | E80: 647.1949 | F80: 693.1255 | G80: 766.7914 | H80: 811.9213 | I80: 911.6257 | J80: 1065.4654 | K80: 1110.4151 | L80: 1202.136 | M80: =[1]Salud!Q11/1000 -> 1373.7098 | N80: =[1]Salud!R11/1000 -> 1498.0472 | O80: =[1]Salud!S11/1000 -> 1731.0598 | P80: =[1]Salud!T11/1000 -> 1939.8382 | Q80: =[1]Salud!U11/1000 -> 2068.7175 | R80: =[1]Salud!V11/1000 -> 2337.098 | S80: 2333.3484
A81: Inversión | B81: 107.14758 | C81: 125.087 | D81: 94.598 | E81: 51.2301 | F81: 113.45 | G81: 80.876 | H81: 89.065 | I81: 111.1803 | J81: 155.0195 | K81: 209.0127 | L81: 313.32726 | M81: =[1]Salud!Q12/1000 -> 308.19728 | N81: =[1]Salud!R12/1000 -> 388.5556 | O81: =[1]Salud!S12/1000 -> 505.91382 | P81: =[1]Salud!T12/1000 -> 781.7759 | Q81: =[1]Salud!U12/1000 -> 758.00803 | R81: =[1]Salud!V12/1000 -> 431.52176 | S81: 660.78992
A82: Composición según tipo (%): | B82: =SUM(B83:B84) -> 100 | C82: =SUM(C83:C84) -> 100 | D82: =SUM(D83:D84) -> 100 | E82: =SUM(E83:E84) -> 100 | F82: =SUM(F83:F84) -> 100 | G82: =SUM(G83:G84) -> 100 | H82: =SUM(H83:H84) -> 100 | I82: =SUM(I83:I84) -> 100 | ... R82: =SUM(R83:R84) -> 100 | S82: 100
A83: Funcionamiento | B83: =+B80/+B79*100 -> 84.797375 | C83: =+C80/+C79*100 -> 81.718387 | D83: =+D80/+D79*100 -> 88.147664 | E83: =+E80/+E79*100 -> 92.66491 | F83: =+F80/+F79*100 -> 85.934361 | G83: =+G80/+G79*100 -> 90.458994 | H83: =+H80/+H79*100 -> 90.114722 | I83: =+I80/+I79*100 -> 89.129874 | ... R83: =+R80/+R79*100 -> 84.413831 | S83: 77.930548
A84: Inversión | B84: =+B81/+B79*100 -> 15.202625 | C84: =+C81/+C79*100 -> 18.281613 | D84: =+D81/+D79*100 -> 11.852336 | E84: =+E81/+E79*100 -> 7.3350897 | F84: =+F81/+F79*100 -> 14.065639 | G84: =+G81/+G79*100 -> 9.5410063 | H84: =+H81/+H79*100 -> 9.8852779 | I84: =+I81/+I79*100 -> 10.870126 | ... R84: =+R81/+R79*100 -> 15.586169 | S84: 22.069452
A85: Variación absoluta (en millones de balboas): | C85: =+C79-B79 -> -20.573582 | D85: =+D79-C79 -> 113.915 | E85: =+E79-D79 -> -99.713 | F85: =+F79-E79 -> 108.1505 | G85: =+G79-F79 -> 41.0919 | H85: =+H79-G79 -> 53.3189 | I85: =+I79-H79 -> 121.8197 | J85: =+J79-I79 -> 197.6789 | ... R85: =+R79-Q79 -> -58.105767 | S85: 225.51858
A86: Funcionamiento | C86: =+C80-B80 -> -38.513 | D86: =+D80-C80 -> 144.404 | E86: =+E80-D80 -> -56.3451 | F86: =+F80-E80 -> 45.9306 | G86: =+G80-F80 -> 73.6659 | H86: =+H80-G80 -> 45.1299 | I86: =+I80-H80 -> 99.7044 | J86: =+J80-I80 -> 153.8397 | ... R86: =+R80-Q80 -> 268.3805 | S86: -3.7495838
A87: Inversión | C87: =+C81-B81 -> 17.939418 | D87: =+D81-C81 -> -30.489 | E87: =+E81-D81 -> -43.3679 | F87: =+F81-E81 -> 62.2199 | G87: =+G81-F81 -> -32.574 | H87: =+H81-G81 -> 8.189 | I87: =+I81-H81 -> 22.1153 | J87: =+J81-I81 -> 43.8392 | ... R87: =+R81-Q81 -> -326.48627 | S87: 229.26816
A88: Variación porcentual: | C88: =((+C79/+B79)-1)*100 -> -2.9190808 | D88: =((+D79/+C79)-1)*100 -> 16.648812 | E88: =((+E79/+D79)-1)*100 -> -12.493203 | F88: =((+F79/+E79)-1)*100 -> 15.484912 | G88: =((+G79/+F79)-1)*100 -> 5.094613 | H88: =((+H79/+G79)-1)*100 -> 6.2900732 | I88: =((+I79/+H79)-1)*100 -> 13.520705 | J88: =((+J79/+I79)-1)*100 -> 19.327116 | ... R88: =((+R79/+Q79)-1)*100 -> -2.0555857 | S88: 8.1455237
A89: Funcionamiento | C89: =((+C80/+B80)-1)*100 -> -6.4440834 | D89: =((+D80/+C80)-1)*100 -> 25.826275 | E89: =((+E80/+D80)-1)*100 -> -8.0087984 | F89: =((+F80/+E80)-1)*100 -> 7.096873 | G89: =((+G80/+F80)-1)*100 -> 10.628075 | H89: =((+H80/+G80)-1)*100 -> 5.8855511 | I89: =((+I80/+H80)-1)*100 -> 12.280057 | J89: =((+J80/+I80)-1)*100 -> 16.875314 | ... R89: =((+R80/+Q80)-1)*100 -> 12.973279 | S89: -0.16043759
A90: Inversión | C90: =((+C81/+B81)-1)*100 -> 16.742718 | D90: =((+D81/+C81)-1)*100 -> -24.374236 | E90: =((+E81/+D81)-1)*100 -> -45.844415 | F90: =((+F81/+E81)-1)*100 -> 121.45184 | G90: =((+G81/+F81)-1)*100 -> -28.712208 | H90: =((+H81/+G81)-1)*100 -> 10.125377 | I90: =((+I81/+H81)-1)*100 -> 24.830517 | J90: =((+J81/+I81)-1)*100 -> 39.430726 | ... R90: =((+R81/+Q81)-1)*100 -> -43.071611 | S90: 53.130151
A91: % respecto a cada tipo en el GPS:
A92: Funcionamiento | B92: =+B80/+B62*100 -> 35.015053 | C92: =+C80/+C62*100 -> 32.597225 | D92: =+D80/+D62*100 -> 37.365767 | E92: =+E80/+E62*100 -> 32.533256 | F92: =+F80/+F62*100 -> 32.42909 | G92: =+G80/+G62*100 -> 35.239154 | H92: =+H80/+H62*100 -> 34.282835 | I92: =+I80/+I62*100 -> 34.660273 | ... R92: =+R80/+R62*100 -> 41.033557 | S92: 39.993279
A93: Inversión | B93: =+B81/+B63*100 -> 34.228049 | C93: =+C81/+C63*100 -> 37.397006 | D93: =+D81/+D63*100 -> 32.939169 | E93: =+E81/+E63*100 -> 27.66467 | F93: =+F81/+F63*100 -> 38.252632 | G93: =+G81/+G63*100 -> 34.826119 | H93: =+H81/+H63*100 -> 17.176574 | I93: =+I81/+I63*100 -> 17.214485 | ... R93: =+R81/+R63*100 -> 19.925319 | S93: 23.691236
A94: Gasto público social en Trabajo y Seguridad Social | B94: 605.966 | C94: 619.5697 | D94: 612.0754 | E94: 770.4145 | F94: 853.7401 | G94: 780.0187 | H94: 899.7208 | I94: 1028.8112 | J94: 1060.1813 | K94: 1196.7035 | L94: 1321.0593 | M94: =M95+M96 -> 1380.9598 | N94: =N95+N96 -> 1442.167 | O94: =O95+O96 -> 1525.8298 | P94: =P95+P96 -> 1592.3265 | Q94: =Q95+Q96 -> 1716.747 | R94: =R95+R96 -> 1749.0951 | S94: 1866.4845
A95: Funcionamiento | B95: 597.565 | C95: 612.8317 | D95: 607.7314 | E95: 767.3372 | F95: 846.8608 | G95: 776.4487 | H95: 868.8858 | I95: 975.8372 | J95: 994.9705 | K95: 1160.1655 | L95: 1249.7972 | M95: =[1]Trabajo!Q11/1000 -> 1310.3066 | N95: =[1]Trabajo!R11/1000 -> 1402.9847 | O95: =[1]Trabajo!S11/1000 -> 1499.906 | P95: =[1]Trabajo!T11/1000 -> 1563.7847 | Q95: =[1]Trabajo!U11/1000 -> 1698.6472 | R95: =[1]Trabajo!V11/1000 -> 1724.9522 | S95: 1832.8202
A96: Inversión | B96: 8.401 | C96: 6.738 | D96: 4.344 | E96: 3.0773 | F96: 6.8793 | G96: 3.57 | H96: 30.835 | I96: 52.974 | J96: 65.2108 | K96: 36.538 | L96: 71.262115 | M96: =[1]Trabajo!Q12/1000 -> 70.653145 | N96: =[1]Trabajo!R12/1000 -> 39.182331 | O96: =[1]Trabajo!S12/1000 -> 25.92382 | P96: =[1]Trabajo!T12/1000 -> 28.541835 | Q96: =[1]Trabajo!U12/1000 -> 18.099817 | R96: =[1]Trabajo!V12/1000 -> 24.142981 | S96: 33.6643
A97: Composición según tipo (%): | B97: =SUM(B98:B99) -> 100 | C97: =SUM(C98:C99) -> 100 | D97: =SUM(D98:D99) -> 100 | E97: =SUM(E98:E99) -> 100 | F97: =SUM(F98:F99) -> 100 | G97: =SUM(G98:G99) -> 100 | H97: =SUM(H98:H99) -> 100 | I97: =SUM(I98:I99) -> 100 | ... R97: =SUM(R98:R99) -> 100 | S97: 100
A98: Funcionamiento | B98: =+B95/+B94*100 -> 98.613619 | C98: =+C95/+C94*100 -> 98.912471 | D98: =+D95/+D94*100 -> 99.290284 | E98: =+E95/+E94*100 -> 99.600566 | F98: =+F95/+F94*100 -> 99.194216 | G98: =+G95/+G94*100 -> 99.542319 | H98: =+H95/+H94*100 -> 96.572826 | I98: =+I95/+I94*100 -> 94.85095 | ... R98: =+R95/+R94*100 -> 98.619687 | S98: 98.196379
A99: Inversión | B99: =+B96/+B94*100 -> 1.3863814 | C99: =+C96/+C94*100 -> 1.087529 | D99: =+D96/+D94*100 -> 0.70971648 | E99: =+E96/+E94*100 -> 0.39943433 | F99: =+F96/+F94*100 -> 0.80578387 | G99: =+G96/+G94*100 -> 0.45768134 | H99: =+H96/+H94*100 -> 3.4271743 | I99: =+I96/+I94*100 -> 5.1490497 | ... R99: =+R96/+R94*100 -> 1.3803126 | S99: 1.8036207
A100: Variación absoluta (en millones de balboas): | C100: =+C94-B94 -> 13.6037 | D100: =+D94-C94 -> -7.4943 | E100: =+E94-D94 -> 158.3391 | F100: =+F94-E94 -> 83.3256 | G100: =+G94-F94 -> -73.7214 | H100: =+H94-G94 -> 119.7021 | I100: =+I94-H94 -> 129.0904 | J100: =+J94-I94 -> 31.3701 | ... R100: =+R94-Q94 -> 32.348109 | S100: 117.38936
A101: Funcionamiento | C101: =+C95-B95 -> 15.2667 | D101: =+D95-C95 -> -5.1003 | E101: =+E95-D95 -> 159.6058 | F101: =+F95-E95 -> 79.5236 | G101: =+G95-F95 -> -70.4121 | H101: =+H95-G95 -> 92.4371 | I101: =+I95-H95 -> 106.9514 | J101: =+J95-I95 -> 19.1333 | ... R101: =+R95-Q95 -> 26.304945 | S101: 107.86804
A102: Inversión | C102: =+C96-B96 -> -1.663 | D102: =+D96-C96 -> -2.394 | E102: =+E96-D96 -> -1.2667 | F102: =+F96-E96 -> 3.802 | G102: =+G96-F96 -> -3.3093 | H102: =+H96-G96 -> 27.265 | I102: =+I96-H96 -> 22.139 | J102: =+J96-I96 -> 12.2368 | ... R102: =+R96-Q96 -> 6.0431646 | S102: 9.5213187
A103: Variación porcentual: | C103: =((+C94/+B94)-1)*100 -> 2.2449609 | D103: =((+D94/+C94)-1)*100 -> -1.2095976 | E103: =((+E94/+D94)-1)*100 -> 25.869215 | F103: =((+F94/+E94)-1)*100 -> 10.815684 | G103: =((+G94/+F94)-1)*100 -> -8.6351104 | H103: =((+H94/+G94)-1)*100 -> 15.346055 | I103: =((+I94/+H94)-1)*100 -> 14.347829 | J103: =((+J94/+I94)-1)*100 -> 3.04916 | ... R103: =((+R94/+Q94)-1)*100 -> 1.8842677 | S103: 6.7114337
A104: Funcionamiento | C104: =((+C95/+B95)-1)*100 -> 2.5548183 | D104: =((+D95/+C95)-1)*100 -> -0.83225133 | E104: =((+E95/+D95)-1)*100 -> 26.262556 | F104: =((+F95/+E95)-1)*100 -> 10.363579 | G104: =((+G95/+F95)-1)*100 -> -8.3144833 | H104: =((+H95/+G95)-1)*100 -> 11.905114 | I104: =((+I95/+H95)-1)*100 -> 12.309028 | J104: =((+J95/+I95)-1)*100 -> 1.9607062 | ... R104: =((+R95/+Q95)-1)*100 -> 1.548582 | S104: 6.2533933
A105: Inversión | C105: =((+C96/+B96)-1)*100 -> -19.795262 | D105: =((+D96/+C96)-1)*100 -> -35.529831 | E105: =((+E96/+D96)-1)*100 -> -29.159761 | F105: =((+F96/+E96)-1)*100 -> 123.54987 | G105: =((+G96/+F96)-1)*100 -> -48.105185 | H105: =((+H96/+G96)-1)*100 -> 763.72549 | I105: =((+I96/+H96)-1)*100 -> 71.798281 | J105: =((+J96/+I96)-1)*100 -> 23.099634 | ... R105: =((+R96/+Q96)-1)*100 -> 33.387988 | S105: 39.437212
A106: % respecto a cada tipo en el GPS:
...

Sheet Gasto directo infancia
A1: MINISTERIO DE ECONOMÍA Y FINANZAS
A2: DIRECCIÓN DE ANÁLISIS ECONÓMICO Y SOCIAL
A3: INDICADORES DEL GASTO PÚBLICO SOCIAL DIRECTO EN PROGRAMAS DIRIGIDOS A LOS NIÑOS, NIÑAS Y ADOLESCENTES, POR SECTORES: AÑOS 2017 (P): (En Balboas)
A5: SECTOR DE LA ACTIVIDAD ECONOMICA | B5: PRESUPUESTO LEY 1 | C5: CREDITO ADICIONAL 2 | D5: PRESUPUESTO MODIFICADO | E5: EJECUTADO | F5: Total de población de 0 a 17 años de edad Estimada al 1 de julio de 2017
F6: Total de población de 0 a 17 años de edad Estimada al 1 de julio de 2017
A7: Gasto Directo Per Cápita por niño, niña y adolescente | B7: =B9/$F$7 -> 1963.1199 | C7: =C9/$F$7 -> 26.060965 | D7: =D9/$F$7 -> 1989.1809 | E7: =E9/$F$7 -> 1784.9068 | F7: 1014492
A9: TOTAL (En Balboas) | B9: =B11+B29+B46 -> 1.9915695e+09 | C9: =C11+C29+C46 -> 26438640 | D9: =D11+D29+D46 -> 2.0180081e+09 | E9: =E11+E29+E46 -> 1.8107736e+09
A11: Total Educación | B11: =B13+B18+B23 -> 1.7413454e+09 | C11: =C13+C18+C23 -> 12918136 | D11: =D13+D18+D23 -> 1.7542635e+09 | E11: =E13+E18+E23 -> 1.6530188e+09
A13: Ministerio de Educación | B13: =SUM(B14:B16) -> 1.4121561e+09 | C13: =SUM(C14:C16) -> 10786587 | D13: =SUM(D14:D16) -> 1.4229427e+09 | E13: =SUM(E14:E16) -> 1.3280187e+09
A14: Funcionamiento | B14: 1.1166061e+09 | C14: 8531431 | D14: 1.1251376e+09 | E14: 1.0760177e+09
A15: Inversión | B15: 1.9247246e+08 | C15: 2255156 | D15: 1.9472762e+08 | E15: 1.4942238e+08
A16: Seguro Educativo | B16: 103077500 | C16: 0 | D16: 1.030775e+08 | E16: 1.0257865e+08
A18: IFARHU | B18: =B19+B20 -> 3.229674e+08 | C18: =C19+C20 -> 2414630 | D18: =D19+D20 -> 325382030 | E18: =E19+E20 -> 3.1986614e+08
A19: Funcionamiento | B19: 29901300 | C19: -5538983 | D19: 24362317 | E19: 20324419
A20: Inversión | B20: 2.930661e+08 | C20: 7953613 | D20: 301019713 | E20: 2.9954173e+08
A23: Instituto Panameño de Habilitación Especial | B23: 6221920 | C23: -283081 | D23: 5938839 | E23: 5133944.5
A24: Formación Vocacional | B24: 3141570 | C24: -119453 | D24: 3022117 | E24: 2968940.6
A25: Estimulacion Precoz | B25: 1744406 | C25: -56368 | D25: 1688038 | E25: 1658901
A26: Atención a la Primera Infancia | B26: 342844 | C26: -66540 | D26: 276304 | E26: 231799.09
A27: Otros Programas | B27: =B23-B24-B25-B26 -> 993100 | C27: =C23-C24-C25-C26 -> -40720 | D27: =D23-D24-D25-D26 -> 952380 | E27: =E23-E24-E25-E26 -> 274303.83
A29: Total Salud | B29: =B31+B39+B43 -> 227873696 | C29: =C31+C39+C43 -> 15354866 | D29: =D31+D39+D43 -> 243228562 | E29: =E31+E39+E43 -> 1.431309e+08
A31: Ministerio de salud | B31: 104096410 | C31: 15354866 | D31: 119451276 | E31: 55402415
A32: PRINCIPALES PROGRAMAS
A33: Patronato del Hospital Jose Domingo de Obaldia / Salud Materno-infantil | B33: 46828565 | C33: -2000 | D33: 46826565 | E33: 14617729
A34: Fortalecimiento Redes Integradas de Servicios de Salud / Salud Materno-infantil | B34: 19629500 | C34: 18000000 | D34: 37629500 | E34: 16033563
A35: Sección Niñez-Atención Integral Primera Infancia | B35: 9076447 | C35: -139917 | D35: 8936530 | E35: 7542484.5
A36: Sistema Regional de Herrera / Salud Materno-infantil | B36: 7739926 | C36: 879045 | D36: 8618971 | E36: 5774013.5
A37: Otros programas | B37: 20821972 | C37: -3382262 | D37: 17439710 | E37: 11434626
A39: Patronos y Otros (MINSA) | B39: 70990286 | C39: 0 | D39: 70990286 | E39: 42597772
A40: Patronato Nacional de Nutricion | B40: 2311324 | C40: 0 | D40: 2311324 | E40: 2080192
A41: Patronato Hospital del Niño | B41: 68678962 | C41: 0 | D41: 68678962 | E41: 40517580
A43: Caja del Seguro Social | B43: 52787000 | C43: 0 | D43: 52787000 | E43: 45130711
A44: Subsidio a la seguridad social por Maternidad | B44: 52787000 | C44: 0 | D44: 52787000 | E44: 45130711
A46: Total Protección Social | B46: =B48+B56+B63+B66+B69+B72+B77 -> 22350377 | C46: =C48+C56+C63+C66+C69+C72+C77 -> -1834362 | D46: =D48+D56+D63+D66+D69+D72+D77 -> 20516015 | E46: =E48+E56+E63+E66+E69+E72+E77 -> 14623924
A48: MINISTERIO DE DESARROLLO SOCIAL | B48: 12614077 | C48: -2748599 | D48: 9865478 | E48: 6799336.8
A49: PRINCIPALES PROGRAMAS
A50: Asistencia Alimentaria Bono Nutricional | B50: 5761084 | C50: -9522 | D50: 5751562 | E50: 4255878.5
A51: Construcción de Infraestructuras(Primera Infancia) | B51: 2087000 | C51: -1442867 | D51: 644133 | E51: 0
A52: Mejoramiento de Infraestructura (Primera Infancia) | B52: 1528620 | C52: -1481476 | D52: 47144 | E52: 33442.53
A53: Normas, estßndares y calidad de oferta (PAIPI) | B53: 1242696 | C53: -93974 | D53: 1148722 | E53: 879679.73
A54: Otros programas | B54: 1994677 | C54: 279240 | D54: 2273917 | E54: 1630336
A56: Presidencia de la República | B56: 2090000 | C56: 1098285 | D56: 3188285 | E56: 1684357.8
A57: PRINCIPALES PROGRAMAS
A58: Apoyo a la Biocomunidad | B58: 1029200 | C58: 1090496 | D58: 2119696 | E58: 976822.37
A59: Subsidio Asistencia Social | B59: 452400 | C59: 2698 | D59: 455098 | E59: 365170.84
A60: Subsidio Fondos para Obras Sociales | B60: 360000 | C60: -17018 | D60: 342982 | E60: 128668.56
A61: Otros programas | B61: 248400 | C61: 22109 | D61: 270509 | E61: 213695.98
A63: SECRETARÍA NACIONAL DE DISCAPACIDAD | B63: =B64 -> 200000 | C63: =C64 -> -192600 | D63: =D64 -> 7400 | E63: =E64 -> 1819
A64: Atención de la Primera Infancia | B64: 200000 | C64: -192600 | D64: 7400 | E64: 1819
A66: UNIVERSIDAD DE PANAMÁ | B66: =B67 -> 453500 | C66: =C67 -> 8552 | D66: =D67 -> 462052 | E66: =E67 -> 309868.41
A67: Centro de Orientacion Infantil | B67: 453500 | C67: 8552 | D67: 462052 | E67: 309868.41
A69: ZONA LIBRE DE COLÓN | B69: =B70 -> 6000 | C69: =C70 -> 0 | D69: =D70 -> 6000 | E69: =E70 -> 4500
A70: Patronato Nacional de Nutricion | B70: 6000 | C70: 0 | D70: 6000 | E70: 4500
A72: LOTERÍA NACIONAL DE BENEFICENCIA | B72: 25000 | C72: 0 | D72: 25000 | E72: 25000
A73: PRINCIPALES PROGRAMAS
A74: Asoc.Pro Nut.Infantil-Nutre Hogar | B74: 10000 | C74: 0 | D74: 10000 | E74: 10000
A75: Hospital Materno Inf. Jose Domingo de Obaldia | B75: 15000 | C75: 0 | D75: 15000 | E75: 15000
A77: Secretaría Nacional de Niñez, Adolescencia y Familia | B77: =B78+B79 -> 6961800 | C77: =C78+C79 -> -1.7083224e-11 | D77: =D78+D79 -> 6961800 | E77: =E78+E79 -> 5799041.8
A78: Funcionamiento | B78: 6224700 | C78: -1.7083224e-11 | D78: 6224700 | E78: 5454247.8
A79: Inversión | B79: 737100 | C79: 0 | D79: 737100 | E79: 344794.03
A80: PRINCIPALES PROGRAMAS
A81: Implementación de los Derechos Niñez, Adolescencia y Familia | B81: 149100 | C81: 39200 | D81: 188300 | E81: 107240.72
A82: Protección y Prom. Integral de Niñez y Adolescencia | B82: 3719416 | C82: 12421 | D82: 3731837 | E82: 3037107.4
A83: Sistema de Protección Integral de Niñez | B83: 588000 | C83: -39200 | D83: 548800 | E83: 237553.31
A84: Otros gastos o programas | B84: 2505284 | C84: -12421 | D84: 2492863 | E84: 2417140.4
A86: Fuente: Elaborado en el Departamento de Análisis Social de la Dirección de Análisis Económico y Social del Ministerio de Economía y Finanzas, con base en información proporcionada por la Dirección de Presupuesto de la Nación del MEF; Estimaciones de la Población de la República del INEC, revisadas en base al Censo del Año 2010; Serie histórica del INEC.

Sheet Presupuesto Seniaf
A2: MINISTERIO DE ECONOMIA Y FINANZAS
A3: DIRECCION DE ANÁLISIS ECONÓMICO Y SOCIAL
A4: (En Miles de Balboas)
A6: ENTIDAD | B6: 2010 | C6: 2011 | D6: 2012 | E6: 2013 | F6: 2014 | G6: 2015 | H6: 2016 | I6: 2017 (P) | K6: Variación porcentual 2017 presupuesto ley / 2010 | L6: Variación porcentual 2017 presupuesto ley / 2015
I7: Presupuesto Ley | J7: Ejecutado al 31 de diciembre
A8: Secretaría Nacional de Niñez, Adolescencia y Familia | B8: =B9+B10 -> 1910.167 | C8: =C9+C10 -> 2854.668 | D8: =D9+D10 -> 3665.784 | E8: =E9+E10 -> 3861.289 | F8: =F9+F10 -> 3578.715 | G8: =G9+G10 -> 3784.9988 | H8: =H9+H10 -> 4303.3397 | I8: 6961.8 | J8: 5799.0418 | K8: =(I8-B8)/B8*100 -> 264.46028 | L8: =(I8-G8)/G8*100 -> 83.931368
A9: Funcionamiento | B9: 1506.516 | C9: 2137.164 | D9: 3005.663 | E9: 3083.373 | F9: 3391.158 | G9: 3598.7426 | H9: 3836.0568 | I9: 6224.7 | J9: 5454.2478 | K9: =(I9-B9)/B9*100 -> 313.18512 | L9: =(I9-G9)/G9*100 -> 72.968746
A10: Inversión | B10: 403.651 | C10: 717.504 | D10: 660.121 | E10: 777.916 | F10: 187.557 | G10: 186.25614 | H10: 467.28293 | I10: 737.1 | J10: 344.79403 | K10: =(I10-B10)/B10*100 -> 82.608243 | L10: =(I10-G10)/G10*100 -> 295.74534
A11: Fuente: Elaborado en el Departamento de Análisis Social de la Dirección de Análisis Económico y Social del Ministerio de Economía y Finanzas, con base en información proporcionada por la Dirección de Presupuesto de la Nación del MEF

Sheet Hoja1
